Canucks vs BlackHawks

Created - 20 mars 2018 at 17:58

Goals
1 2 3 T
Canucks 1 2 3 6
BlackHawks 2 0 1 3
Shots
1 2 3 T
Canucks 7 8 10 25
BlackHawks 10 12 12 34

1st period

1. BlackHawks , Dion Phaneuf 12 (Sidney Crosby 29, Ryan OReilly 37) at 10:38
2. BlackHawks , Alex Galchenyuk 20 (Sidney Crosby 30) at 12:19
3. Canucks , Erik Karlsson 15 (Evgeny Kuznetsov 44) at 14:17

Penalties :
Alex Biega (CHI) for Interference (Minor) at 2:29

2nd period

4. Canucks , Patrick Marleau 20 (Alex Pietrangelo 38, Erik Karlsson 51) at 6:52
5. Canucks , Adam Henrique 24 (Cody Ceci 18) at 13:53

Penalties :
Chris Kreider (VAN) for Hooking (Minor) at 16:12, Jonathan Marchessault (VAN) for Hooking (Minor) at 19:11

3rd period

6. Canucks , Alex Petrovic 3 (Logan Shaw 5, Nathan Beaulieu 18) at 4:41
7. BlackHawks , Radim Vrbata 14 (Artemi Panarin 38, Dion Phaneuf 34) at 9:32
8. Canucks , Jonathan Marchessault 29 (Chris Kreider 25, Alex Pietrangelo 39) at 16:16 (PP)
9. Canucks , Adam Henrique 25 (Jonathan Marchessault 27, Mattias Ekholm 29) at 17:09 (PP)

Penalties :
Sidney Crosby (CHI) for High sticking (Minor) at 0:41, Mattias Ekholm (VAN) for Hooking (Minor) at 0:41, Boone Jenner (CHI) for Hooking (Minor) at 15:43, Shea Weber (CHI) for Roughing (Minor) at 16:08

Goalie Stats

Petr Mrazek (VAN), 31 saves from 34 shots - (0.912), W, 5-6-0, 60:00 minutes
Carey Price (CHI), 12 saves from 16 shots - (0.750), L, 35-23-5, 44:41 minutes
Jeremy Smith (CHI), 7 saves from 9 shots - (0.778), 15:19 minutes

Players Stats for Canucks

Player Name              G  A  P  +/- PIM S  H  SB GA TA FO     MP     PP MP  PK MP  
------------------------------------------------------------------------------------
Adam Henrique            2  0  2   1  0   4  1  0  0  0  12/28  19:26   1:29   2:36 
Alex Petrovic            1  0  1   1  0   2  3  1  0  0  0/0    13:33   0:00   0:00 
Alex Pietrangelo         0  2  2   2  0   2  4  1  0  0  0/0    24:07   1:39   1:58 
Brayden Point            0  0  0  -2  0   1  0  0  0  0  3/8    11:54   0:00   0:00 
Chris Kreider            0  1  1   1  2   1  2  0  0  0  1/1    16:39   1:29   0:00 
Cody Ceci                0  1  1  -2  0   0  2  1  0  0  0/0    21:40   1:46   2:08 
Erik Karlsson            1  1  2   2  0   1  3  3  0  0  0/0    25:08   1:39   1:50 
Evander Kane             0  0  0  -2  0   2  1  0  0  0  1/1    14:56   0:00   2:52 
Evgeny Kuznetsov         0  1  1   1  0   2  2  0  0  0  12/26  20:14   1:56   0:00 
Jonathan Marchessault    1  1  2   1  2   2  1  0  0  0  0/1    16:39   1:29   0:00 
Logan Shaw               0  1  1   1  0   1  0  0  0  0  0/0     7:37   0:00   0:33 
Marcus Kruger            0  0  0   1  0   0  0  0  0  0  3/9     8:06   0:00   1:02 
Matt Duchene             0  0  0   1  0   0  2  0  0  0  4/5    20:14   1:56   0:00 
Mattias Ekholm           0  1  1  -2  2   1  3  0  0  0  0/0    21:10   1:46   1:59 
Nathan Beaulieu          0  1  1   1  0   0  0  0  0  0  0/0    14:21   0:00   0:00 
Patrick Marleau          1  0  1   1  0   5  0  0  0  0  0/0    18:54   1:56   0:00 
Robby Fabbri             0  0  0   1  0   1  0  0  0  0  0/1     7:28   0:00   0:24 
Ryan Strome              0  0  0  -2  0   0  0  0  0  0  2/2    11:54   0:00   0:00 

Players Stats for BlackHawks

Player Name              G  A  P  +/- PIM S  H  SB GA TA FO     MP     PP MP  PK MP  
------------------------------------------------------------------------------------
Alex Biega               0  0  0   0  2   0  4  0  0  0  0/0    17:04   0:00   0:00 
Alex Galchenyuk          1  0  1  -1  0   5  3  0  0  0  3/8    18:34   2:10   1:14 
Andrew Copp              0  0  0  -1  0   0  0  0  0  0  1/2    10:15   0:00   1:28 
Artemi Panarin           0  1  1   1  0   7  0  0  0  0  0/0    16:44   1:19   0:00 
Blake Comeau             0  0  0   0  0   2  4  0  0  0  0/1    14:42   0:00   0:00 
Boone Jenner             0  0  0   1  2   3  3  0  0  0  6/18   15:06   1:19   0:00 
Brady Austin             0  0  0   1  0   2  0  0  0  0  0/0    15:45   0:00   1:18 
Brent Seabrook           0  0  0  -2  0   0  2  2  0  0  0/0    19:34   0:53   1:02 
Chris Stewart            0  0  0   0  0   1  1  0  0  0  0/0    14:20   0:00   0:00 
Chris Tierney            0  0  0  -1  0   1  0  0  0  0  7/8    10:36   0:00   1:49 
Dion Phaneuf             1  1  2  -2  0   2  1  1  0  0  0/0    24:59   2:36   1:50 
Jay Beagle               0  0  0   0  0   2  0  0  0  0  11/15  14:55   0:00   0:35 
Matt Hunwick             0  0  0   0  0   1  1  1  0  0  0/0    20:09   0:53   1:10 
Radim Vrbata             1  0  1   1  0   2  0  0  0  0  1/1    15:07   1:19   0:00 
Ryan OReilly             0  1  1  -1  0   1  1  0  0  0  3/5    18:59   2:10   1:36 
Shane Doan               0  0  0  -1  0   2  1  0  0  0  0/0     8:47   0:00   0:00 
Shea Weber               0  0  0   1  2   2  3  1  0  0  0/0    22:27   2:36   1:29 
Sidney Crosby            0  2  2  -1  2   1  0  0  0  0  12/24  16:21   2:09   0:00 

3 Stars

1 - Erik Karlsson (VAN)
2 - Adam Henrique (VAN)
3 - Alex Pietrangelo (VAN)

Power Play

Canucks - 2 on 3 Attempt(s) - 66.67%
BlackHawks - 0 on 2 Attempt(s) - 0.00%

Penalty Kill

Canucks - 2 on 2 Attempt(s) - 100.00% - Score 0 goal in Penalty Kill
BlackHawks - 1 on 3 Attempt(s) - 33.33% - Score 0 goal in Penalty Kill

Team Stat

Canucks - Hits : 24 - Faceoff Wins : 38 - Blocked Shots : 6 - Penalty Minutes : 6
BlackHawks - Hits : 24 - Faceoff Wins : 44 - Blocked Shots : 5 - Penalty Minutes : 8

Official

Referees : Jacob Brenk and Steve Kozari
Linesman : Mark Shewchyk and Brian Mach

Game Notes

Jeremy Smith enters game at 4:41 of 3rd period

Finance

Level 1 -- Attendance: 5903 (90.82%) -- Ticket Income 649 330 $
Level 2 -- Attendance: 5000 (100.00%) -- Ticket Income 375 000 $
Level 3 -- Attendance: 2862 (81.77%) -- Ticket Income 160 272 $
Level 4 -- Attendance: 2764 (74.36%) -- Ticket Income 110 560 $
Luxury Box -- Attendance: 979 (97.90%) -- Ticket Income 194 821 $
Game was played at the United Center.
Total Attendance: 17508 (88.80%)
Total Ticket Income: 1 489 983 $
Other Income: 223 497 $
Total Income: 1 713 480 $

% Time on Ice - Canucks

Lines # - Real PCT - Wanted PCT - Time Play
Normal Forward
1 - 33% - 37% - 16:58
2 - 30% - 32% - 15:11
3 - 23% - 20% - 11:54
4 - 14% - 11% - 7:04
Normal Defense
1 - 40% - 40% - 20:30
2 - 34% - 35% - 17:25
3 - 26% - 25% - 13:12
4 - 0% - 0% - 0:00
PP Forward
1 - 57% - 60% - 1:56
2 - 43% - 40% - 1:29
PP Defense
1 - 48% - 60% - 1:39
2 - 52% - 40% - 1:46
PK Forward
1 - 84% - 60% - 2:56
2 - 16% - 40% - 0:33
PK Defense
1 - 43% - 60% - 1:29
2 - 57% - 40% - 2:00
PK3 Forward
1 - 100% - 60% - 0:29
2 - 0% - 40% - 0:00
PK3 Defense
1 - 72% - 60% - 0:21
2 - 28% - 40% - 0:08
44 Forward
1 - 89% - 60% - 1:20
2 - 11% - 40% - 0:10
44 Defense
1 - 77% - 60% - 1:09
2 - 23% - 40% - 0:21
Last Minute Offensive  - 0:00
Last Minute Defensive  - 0:00
Total
Forward - 60:00
Defense - 60:00

% Time on Ice - BlackHawks

Lines # - Real PCT - Wanted PCT - Time Play
Normal Forward
1 - 28% - 29% - 14:12
2 - 27% - 27% - 13:48
3 - 28% - 25% - 14:20
4 - 17% - 19% - 8:47
Normal Defense
1 - 33% - 35% - 16:38
2 - 28% - 30% - 14:24
3 - 33% - 25% - 17:05
4 - 6% - 10% - 3:00
PP Forward
1 - 62% - 60% - 2:10
2 - 38% - 40% - 1:19
PP Defense
1 - 75% - 60% - 2:36
2 - 25% - 40% - 0:53
PK Forward
1 - 55% - 60% - 1:49
2 - 45% - 40% - 1:28
PK Defense
1 - 69% - 60% - 2:15
2 - 31% - 40% - 1:02
PK3 Forward
1 - 0% - 60% - 0:00
2 - 100% - 40% - 0:08
PK3 Defense
1 - 0% - 60% - 0:00
2 - 100% - 40% - 0:08
44 Forward
1 - 100% - 60% - 1:59
2 - 0% - 40% - 0:00
44 Defense
1 - 49% - 60% - 0:58
2 - 51% - 40% - 1:01
Last Minute Offensive  - 0:00
Last Minute Defensive  - 0:00
Total
Forward - 60:00
Defense - 60:00

Play by Play

1st period


0:01 of 1st period - Evgeny Kuznetsov wins face-off versus Sidney Crosby in neutral zone.
0:01 of 1st period - Alex Pietrangelo is hit by Alex Galchenyuk.
0:10 of 1st period - Matt Duchene is hit by Brent Seabrook and loses puck.
0:29 of 1st period - Alex Pietrangelo is hit by Alex Galchenyuk and loses puck.
0:36 of 1st period - Shot by Alex Galchenyuk.
0:36 of 1st period - Deflect By Ryan OReilly.
0:36 of 1st period - Shot Misses the Net.
0:38 of 1st period - Shot by Ryan OReilly.
0:38 of 1st period - Shot Misses the Net.
0:40 of 1st period - Shot by Dion Phaneuf.
0:40 of 1st period - Shot Blocked by Alex Pietrangelo.
0:54 of 1st period - Shot by Boone Jenner.
0:54 of 1st period - Stopped by Petr Mrazek with a rebound.
0:56 of 1st period - Shot by Shea Weber.
0:56 of 1st period - Shot Misses the Net.
0:58 of 1st period - Shot by Brady Austin.
0:58 of 1st period - Shot Blocked by Erik Karlsson.
1:00 of 1st period - Shot by Artemi Panarin.
1:00 of 1st period - Stopped by Petr Mrazek without a rebound.
1:01 of 1st period - Adam Henrique wins face-off versus Blake Comeau in Canucks zone.
1:01 of 1st period - Adam Henrique is hit by Blake Comeau.
1:10 of 1st period - Shot by Blake Comeau.
1:10 of 1st period - Stopped by Petr Mrazek without a rebound.
1:11 of 1st period - Chris Tierney wins face-off versus Brayden Point in Canucks zone.
1:39 of 1st period - Icing by Evander Kane.
1:40 of 1st period - Brayden Point wins face-off versus Jay Beagle in Canucks zone.
1:40 of 1st period - Brayden Point is hit by Chris Stewart.
2:29 of 1st period - Minor Penalty to Alex Biega for Interference.
2:30 of 1st period - Alex Galchenyuk wins face-off versus Evgeny Kuznetsov in BlackHawks zone.
2:30 of 1st period - Alex Galchenyuk is hit by Matt Duchene.
2:39 of 1st period - Icing by Alex Pietrangelo.
2:40 of 1st period - Jay Beagle wins face-off versus Evgeny Kuznetsov in Canucks zone.
2:46 of 1st period - Icing by Erik Karlsson.
2:47 of 1st period - Ryan OReilly wins face-off versus Evgeny Kuznetsov in Canucks zone.
2:47 of 1st period - Ryan OReilly is hit by Erik Karlsson.
3:36 of 1st period - Evgeny Kuznetsov is hit by Brent Seabrook and loses puck.
4:21 of 1st period - Shot by Adam Henrique.
4:21 of 1st period - Shot Misses the Net.
4:50 of 1st period - Robby Fabbri is hit by Shea Weber and loses puck.
5:17 of 1st period - Shot by Evander Kane.
5:17 of 1st period - Shot Blocked by Shea Weber.
5:21 of 1st period - Shot by Evander Kane.
5:21 of 1st period - Stopped by Carey Price without a rebound.
5:22 of 1st period - Evgeny Kuznetsov wins face-off versus Alex Galchenyuk in BlackHawks zone.
5:25 of 1st period - Shot by Patrick Marleau.
5:25 of 1st period - Shot Blocked by Dion Phaneuf.
5:35 of 1st period - Shot by Patrick Marleau.
5:35 of 1st period - Stopped by Carey Price without a rebound.
5:36 of 1st period - Jay Beagle wins face-off versus Adam Henrique in BlackHawks zone.
5:36 of 1st period - Jay Beagle is hit by Jonathan Marchessault.
5:41 of 1st period - Jay Beagle is hit by Erik Karlsson and loses puck.
5:50 of 1st period - Shot by Brent Seabrook.
5:50 of 1st period - Shot Misses the Net.
5:52 of 1st period - Shot by Dion Phaneuf.
5:52 of 1st period - Shot Misses the Net.
5:54 of 1st period - Shot by Jay Beagle.
5:54 of 1st period - Stopped by Petr Mrazek with a rebound.
6:01 of 1st period - Icing by Erik Karlsson.
6:02 of 1st period - Adam Henrique wins face-off versus Sidney Crosby in Canucks zone.
6:46 of 1st period - Icing by Matt Hunwick.
6:47 of 1st period - Evgeny Kuznetsov wins face-off versus Sidney Crosby in BlackHawks zone.
7:30 of 1st period - Shot by Shane Doan.
7:30 of 1st period - Stopped by Petr Mrazek with a rebound.
8:30 of 1st period - Shot by Radim Vrbata.
8:30 of 1st period - Deflect By Artemi Panarin.
8:30 of 1st period - Shot Blocked by Alex Petrovic.
9:25 of 1st period - Shot by Chris Kreider.
9:25 of 1st period - Shot Hit the Post.
10:09 of 1st period - Brayden Point is hit by Alex Biega and loses puck.
10:36 of 1st period - Shot by Sidney Crosby.
10:36 of 1st period - Shot Misses the Net.
10:38 of 1st period - Shot by Dion Phaneuf.
10:38 of 1st period - Goal by Dion Phaneuf - Canucks : 0 - BlackHawks : 1.
10:39 of 1st period - Radim Vrbata wins face-off versus Evgeny Kuznetsov in neutral zone.
10:45 of 1st period - Shot by Radim Vrbata.
10:45 of 1st period - Deflect By Artemi Panarin.
10:45 of 1st period - Shot Misses the Net.
10:47 of 1st period - Shot by Artemi Panarin.
10:47 of 1st period - Shot Misses the Net.
10:55 of 1st period - Alex Pietrangelo is hit by Boone Jenner and loses puck.
11:19 of 1st period - Shot by Artemi Panarin.
11:19 of 1st period - Shot Misses the Net.
11:51 of 1st period - Icing by Shea Weber.
11:52 of 1st period - Sidney Crosby wins face-off versus Adam Henrique in BlackHawks zone.
12:13 of 1st period - Icing by Shea Weber.
12:14 of 1st period - Sidney Crosby wins face-off versus Brayden Point in BlackHawks zone.
12:19 of 1st period - Shot by Alex Galchenyuk.
12:19 of 1st period - Goal by Alex Galchenyuk - Canucks : 0 - BlackHawks : 2.
12:20 of 1st period - Brayden Point wins face-off versus Chris Tierney in neutral zone.
12:33 of 1st period - Shot by Brayden Point.
12:33 of 1st period - Shot Misses the Net.
12:35 of 1st period - Shot by Ryan Strome.
12:35 of 1st period - Shot Misses the Net.
12:55 of 1st period - Shot by Chris Tierney.
12:55 of 1st period - Stopped by Petr Mrazek without a rebound.
12:56 of 1st period - Adam Henrique wins face-off versus Boone Jenner in Canucks zone.
13:22 of 1st period - Shot by Chris Kreider.
13:22 of 1st period - Shot Misses the Net.
14:04 of 1st period - Sidney Crosby is hit by Evgeny Kuznetsov and loses puck.
14:13 of 1st period - Shot by Evgeny Kuznetsov.
14:13 of 1st period - Stopped by Carey Price with a rebound.
14:15 of 1st period - Shot by Erik Karlsson.
14:15 of 1st period - Shot Misses the Net.
14:17 of 1st period - Shot by Erik Karlsson.
14:17 of 1st period - Goal by Erik Karlsson - Canucks : 1 - BlackHawks : 2.
14:18 of 1st period - Andrew Copp wins face-off versus Brayden Point in neutral zone.
14:42 of 1st period - Shot by Brayden Point.
14:42 of 1st period - Shot Misses the Net.
14:44 of 1st period - Shot by Evander Kane.
14:44 of 1st period - Shot Misses the Net.
14:46 of 1st period - Shot by Mattias Ekholm.
14:46 of 1st period - Deflect By Evander Kane.
14:46 of 1st period - Stopped by Carey Price without a rebound.
14:47 of 1st period - Adam Henrique wins face-off versus Sidney Crosby in BlackHawks zone.
14:55 of 1st period - Icing by Dion Phaneuf.
14:56 of 1st period - Matt Duchene wins face-off versus Sidney Crosby in BlackHawks zone.
15:38 of 1st period - Ryan OReilly is hit by Erik Karlsson and loses puck.
15:54 of 1st period - Icing by Jay Beagle.
15:55 of 1st period - Jay Beagle wins face-off versus Adam Henrique in BlackHawks zone.
16:02 of 1st period - Shot by Chris Kreider.
16:02 of 1st period - Stopped by Carey Price without a rebound.
16:03 of 1st period - Adam Henrique wins face-off versus Boone Jenner in BlackHawks zone.
16:07 of 1st period - Icing by Brady Austin.
16:08 of 1st period - Boone Jenner wins face-off versus Adam Henrique in BlackHawks zone.
16:18 of 1st period - Shot by Artemi Panarin.
16:18 of 1st period - Stopped by Petr Mrazek with a rebound.
16:55 of 1st period - Artemi Panarin is hit by Cody Ceci.
17:23 of 1st period - Shot by Jay Beagle.
17:23 of 1st period - Stopped by Petr Mrazek without a rebound.
17:24 of 1st period - Sidney Crosby wins face-off versus Marcus Kruger in Canucks zone.
18:58 of 1st period - Shot by Patrick Marleau.
18:58 of 1st period - Stopped by Carey Price without a rebound.
18:59 of 1st period - Brayden Point wins face-off versus Jay Beagle in BlackHawks zone.
Goals for this period are 1 for Canucks vs 2 for BlackHawks.
Shots for this period are 7 for Canucks vs 10 for BlackHawks.

2nd period


0:01 of 2nd period - Sidney Crosby wins face-off versus Evgeny Kuznetsov in neutral zone.
0:24 of 2nd period - Shot by Alex Galchenyuk.
0:24 of 2nd period - Stopped by Petr Mrazek without a rebound.
0:25 of 2nd period - Chris Kreider wins face-off versus Boone Jenner in Canucks zone.
0:32 of 2nd period - Shot by Adam Henrique.
0:32 of 2nd period - Stopped by Carey Price without a rebound.
0:33 of 2nd period - Chris Tierney wins face-off versus Adam Henrique in BlackHawks zone.
1:02 of 2nd period - Shot by Shane Doan.
1:02 of 2nd period - Stopped by Petr Mrazek without a rebound.
1:03 of 2nd period - Boone Jenner wins face-off versus Evgeny Kuznetsov in Canucks zone.
1:04 of 2nd period - Shot by Artemi Panarin.
1:04 of 2nd period - Stopped by Petr Mrazek without a rebound.
1:05 of 2nd period - Evgeny Kuznetsov wins face-off versus Boone Jenner in Canucks zone.
2:53 of 2nd period - Shot by Brayden Point.
2:53 of 2nd period - Stopped by Carey Price without a rebound.
2:54 of 2nd period - Marcus Kruger wins face-off versus Sidney Crosby in BlackHawks zone.
2:59 of 2nd period - Shot by Marcus Kruger.
2:59 of 2nd period - Shot Misses the Net.
3:05 of 2nd period - Shot by Robby Fabbri.
3:05 of 2nd period - Stopped by Carey Price without a rebound.
3:06 of 2nd period - Jay Beagle wins face-off versus Evgeny Kuznetsov in BlackHawks zone.
3:06 of 2nd period - Jay Beagle is hit by Alex Petrovic.
4:04 of 2nd period - Shot by Sidney Crosby.
4:04 of 2nd period - Stopped by Petr Mrazek without a rebound.
4:05 of 2nd period - Chris Tierney wins face-off versus Adam Henrique in Canucks zone.
4:09 of 2nd period - Icing by Cody Ceci.
4:10 of 2nd period - Sidney Crosby wins face-off versus Adam Henrique in Canucks zone.
5:14 of 2nd period - Brayden Point is hit by Shea Weber and loses puck.
5:31 of 2nd period - Shot by Evander Kane.
5:31 of 2nd period - Shot Misses the Net.
5:33 of 2nd period - Shot by Alex Pietrangelo.
5:33 of 2nd period - Stopped by Carey Price without a rebound.
5:34 of 2nd period - Jay Beagle wins face-off versus Evgeny Kuznetsov in BlackHawks zone.
5:55 of 2nd period - Shot by Chris Stewart.
5:55 of 2nd period - Stopped by Petr Mrazek without a rebound.
5:56 of 2nd period - Boone Jenner wins face-off versus Marcus Kruger in Canucks zone.
6:13 of 2nd period - Shot by Shea Weber.
6:13 of 2nd period - Stopped by Petr Mrazek without a rebound.
6:14 of 2nd period - Chris Tierney wins face-off versus Evgeny Kuznetsov in Canucks zone.
6:35 of 2nd period - Patrick Marleau is hit by Shane Doan and loses puck.
6:39 of 2nd period - Icing by Erik Karlsson.
6:40 of 2nd period - Sidney Crosby wins face-off versus Evgeny Kuznetsov in Canucks zone.
6:52 of 2nd period - Shot by Patrick Marleau.
6:52 of 2nd period - Goal by Patrick Marleau - Canucks : 2 - BlackHawks : 2.
6:53 of 2nd period - Jay Beagle wins face-off versus Adam Henrique in neutral zone.
7:12 of 2nd period - Jay Beagle is hit by Chris Kreider and loses puck.
8:02 of 2nd period - Dion Phaneuf is hit by Matt Duchene and loses puck.
9:04 of 2nd period - Shot by Artemi Panarin.
9:04 of 2nd period - Stopped by Petr Mrazek without a rebound.
9:05 of 2nd period - Chris Tierney wins face-off versus Robby Fabbri in Canucks zone.
9:05 of 2nd period - Chris Tierney is hit by Mattias Ekholm.
9:35 of 2nd period - Marcus Kruger is hit by Shea Weber and loses puck.
10:07 of 2nd period - Evander Kane is hit by Alex Biega and loses puck.
10:28 of 2nd period - Shot by Boone Jenner.
10:28 of 2nd period - Shot Misses the Net.
10:30 of 2nd period - Shot by Artemi Panarin.
10:30 of 2nd period - Deflect By Boone Jenner.
10:30 of 2nd period - Shot Blocked by Erik Karlsson.
10:32 of 2nd period - Shot by Boone Jenner.
10:32 of 2nd period - Stopped by Petr Mrazek without a rebound.
10:33 of 2nd period - Jay Beagle wins face-off versus Adam Henrique in Canucks zone.
10:33 of 2nd period - Jay Beagle is hit by Alex Petrovic.
10:41 of 2nd period - Dion Phaneuf is hit by Chris Kreider and loses puck.
10:57 of 2nd period - Adam Henrique is hit by Dion Phaneuf.
11:19 of 2nd period - Matt Duchene is hit by Blake Comeau and loses puck.
11:36 of 2nd period - Ryan OReilly is hit by Evgeny Kuznetsov and loses puck.
12:05 of 2nd period - Shot by Logan Shaw.
12:05 of 2nd period - Shot Misses the Net.
12:07 of 2nd period - Shot by Robby Fabbri.
12:07 of 2nd period - Shot Misses the Net.
12:15 of 2nd period - Shot by Logan Shaw.
12:15 of 2nd period - Stopped by Carey Price without a rebound.
12:16 of 2nd period - Boone Jenner wins face-off versus Brayden Point in BlackHawks zone.
12:20 of 2nd period - Boone Jenner is hit by Alex Pietrangelo and loses puck.
12:36 of 2nd period - Artemi Panarin is hit by Alex Pietrangelo and loses puck.
13:25 of 2nd period - Chris Tierney is hit by Alex Pietrangelo and loses puck.
13:39 of 2nd period - Icing by Alex Pietrangelo.
13:40 of 2nd period - Ryan Strome wins face-off versus Sidney Crosby in Canucks zone.
13:53 of 2nd period - Shot by Adam Henrique.
13:53 of 2nd period - Goal by Adam Henrique - Canucks : 3 - BlackHawks : 2.
13:54 of 2nd period - Jay Beagle wins face-off versus Evgeny Kuznetsov in neutral zone.
13:59 of 2nd period - Icing by Patrick Marleau.
14:00 of 2nd period - Evgeny Kuznetsov wins face-off versus Alex Galchenyuk in Canucks zone.
15:00 of 2nd period - Off-side.
15:01 of 2nd period - Jay Beagle wins face-off versus Jonathan Marchessault in neutral zone.
15:16 of 2nd period - Shot by Jonathan Marchessault.
15:16 of 2nd period - Stopped by Carey Price without a rebound.
15:17 of 2nd period - Boone Jenner wins face-off versus Marcus Kruger in BlackHawks zone.
15:51 of 2nd period - Shot by Marcus Kruger.
15:51 of 2nd period - Shot Blocked by Matt Hunwick.
16:04 of 2nd period - Chris Kreider is hit by Alex Biega and loses puck.
16:12 of 2nd period - Minor Penalty to Chris Kreider for Hooking.
16:13 of 2nd period - Adam Henrique wins face-off versus Sidney Crosby in Canucks zone.
16:31 of 2nd period - Shot by Alex Galchenyuk.
16:31 of 2nd period - Stopped by Petr Mrazek without a rebound.
16:32 of 2nd period - Sidney Crosby wins face-off versus Adam Henrique in Canucks zone.
17:31 of 2nd period - Shot by Radim Vrbata.
17:31 of 2nd period - Stopped by Petr Mrazek without a rebound.
17:32 of 2nd period - Adam Henrique wins face-off versus Boone Jenner in Canucks zone.
17:55 of 2nd period - Mattias Ekholm is hit by Boone Jenner and loses puck.
18:00 of 2nd period - Shot by Shea Weber.
18:00 of 2nd period - Shot Misses the Net.
18:11 of 2nd period - Icing by Matt Hunwick.
18:12 of 2nd period - Evgeny Kuznetsov wins face-off versus Jay Beagle in BlackHawks zone.
18:49 of 2nd period - Matt Duchene is hit by Blake Comeau and loses puck.
19:11 of 2nd period - Minor Penalty to Jonathan Marchessault for Hooking.
19:12 of 2nd period - Adam Henrique wins face-off versus Sidney Crosby in Canucks zone.
19:12 of 2nd period - Adam Henrique is hit by Ryan OReilly.
19:24 of 2nd period - Evander Kane is hit by Alex Galchenyuk and loses puck.
19:33 of 2nd period - Shot by Alex Galchenyuk.
19:33 of 2nd period - Stopped by Petr Mrazek without a rebound.
19:34 of 2nd period - Adam Henrique wins face-off versus Boone Jenner in Canucks zone.
19:42 of 2nd period - Shot by Matt Hunwick.
19:42 of 2nd period - Shot Misses the Net.
19:44 of 2nd period - Shot by Artemi Panarin.
19:44 of 2nd period - Stopped by Petr Mrazek with a rebound.
Goals for this period are 2 for Canucks vs 0 for BlackHawks.
Shots for this period are 8 for Canucks vs 12 for BlackHawks.

3rd period


0:01 of 3rd period - Sidney Crosby wins face-off versus Adam Henrique in neutral zone.
0:25 of 3rd period - Ryan OReilly is hit by Evander Kane and loses puck.
0:41 of 3rd period - Minor Penalty to Sidney Crosby for High sticking.
0:41 of 3rd period - Minor Penalty to Mattias Ekholm for Hooking.
0:42 of 3rd period - Alex Galchenyuk wins face-off versus Marcus Kruger in Canucks zone.
0:43 of 3rd period - Shot by Artemi Panarin.
0:43 of 3rd period - Shot Misses the Net.
1:02 of 3rd period - Icing by Artemi Panarin.
1:03 of 3rd period - Marcus Kruger wins face-off versus Alex Galchenyuk in BlackHawks zone.
1:20 of 3rd period - Shot by Artemi Panarin.
1:20 of 3rd period - Stopped by Petr Mrazek without a rebound.
1:21 of 3rd period - Matt Duchene wins face-off versus Ryan OReilly in Canucks zone.
1:49 of 3rd period - Shot by Artemi Panarin.
1:49 of 3rd period - Stopped by Petr Mrazek with a rebound.
1:51 of 3rd period - Shot by Ryan OReilly.
1:51 of 3rd period - Shot Blocked by Erik Karlsson.
2:08 of 3rd period - Icing by Nathan Beaulieu.
2:09 of 3rd period - Matt Duchene wins face-off versus Alex Galchenyuk in Canucks zone.
2:27 of 3rd period - Shot by Alex Galchenyuk.
2:27 of 3rd period - Stopped by Petr Mrazek without a rebound.
2:28 of 3rd period - Ryan OReilly wins face-off versus Adam Henrique in Canucks zone.
2:29 of 3rd period - Shot by Shea Weber.
2:29 of 3rd period - Stopped by Petr Mrazek without a rebound.
2:30 of 3rd period - Ryan OReilly wins face-off versus Matt Duchene in Canucks zone.
2:52 of 3rd period - Adam Henrique is hit by Matt Hunwick and loses puck.
4:37 of 3rd period - Shot by Alex Petrovic.
4:37 of 3rd period - Shot Misses the Net.
4:39 of 3rd period - Shot by Logan Shaw.
4:39 of 3rd period - Shot Misses the Net.
4:41 of 3rd period - Shot by Alex Petrovic.
4:41 of 3rd period - Goal by Alex Petrovic - Canucks : 4 - BlackHawks : 2.
4:41 of 3rd period - Jeremy Smith enters game.
4:42 of 3rd period - Evgeny Kuznetsov wins face-off versus Sidney Crosby in neutral zone.
5:16 of 3rd period - Shot by Sidney Crosby.
5:16 of 3rd period - Shot Misses the Net.
6:01 of 3rd period - Icing by Boone Jenner.
6:02 of 3rd period - Ryan Strome wins face-off versus Boone Jenner in BlackHawks zone.
6:13 of 3rd period - Shot by Evander Kane.
6:13 of 3rd period - Shot Misses the Net.
6:15 of 3rd period - Shot by Ryan Strome.
6:15 of 3rd period - Shot Misses the Net.
6:53 of 3rd period - Nathan Beaulieu is hit by Blake Comeau and loses puck.
7:38 of 3rd period - Shot by Ryan OReilly.
7:38 of 3rd period - Stopped by Petr Mrazek without a rebound.
7:39 of 3rd period - Chris Tierney wins face-off versus Evgeny Kuznetsov in Canucks zone.
7:42 of 3rd period - Shot by Shane Doan.
7:42 of 3rd period - Deflect By Chris Tierney.
7:42 of 3rd period - Shot Misses the Net.
7:44 of 3rd period - Shot by Shane Doan.
7:44 of 3rd period - Shot Misses the Net.
7:46 of 3rd period - Shot by Shea Weber.
7:46 of 3rd period - Shot Misses the Net.
7:48 of 3rd period - Shot by Brady Austin.
7:48 of 3rd period - Stopped by Petr Mrazek without a rebound.
7:49 of 3rd period - Sidney Crosby wins face-off versus Adam Henrique in Canucks zone.
7:58 of 3rd period - Shot by Ryan OReilly.
7:58 of 3rd period - Shot Misses the Net.
8:00 of 3rd period - Shot by Dion Phaneuf.
8:00 of 3rd period - Stopped by Petr Mrazek without a rebound.
8:01 of 3rd period - Evgeny Kuznetsov wins face-off versus Boone Jenner in Canucks zone.
8:08 of 3rd period - Shot by Boone Jenner.
8:08 of 3rd period - Shot Misses the Net.
8:10 of 3rd period - Shot by Alex Biega.
8:10 of 3rd period - Shot Misses the Net.
8:12 of 3rd period - Shot by Boone Jenner.
8:12 of 3rd period - Shot Misses the Net.
8:14 of 3rd period - Shot by Matt Hunwick.
8:14 of 3rd period - Stopped by Petr Mrazek without a rebound.
8:15 of 3rd period - Sidney Crosby wins face-off versus Adam Henrique in Canucks zone.
9:32 of 3rd period - Shot by Radim Vrbata.
9:32 of 3rd period - The goal is going for a video replay.
9:32 of 3rd period - The goal is good.
9:32 of 3rd period - Goal by Radim Vrbata - Canucks : 4 - BlackHawks : 3.
9:33 of 3rd period - Jay Beagle wins face-off versus Marcus Kruger in neutral zone.
9:54 of 3rd period - Shot by Chris Stewart.
9:54 of 3rd period - Shot Misses the Net.
10:50 of 3rd period - Off-side.
10:51 of 3rd period - Sidney Crosby wins face-off versus Brayden Point in neutral zone.
10:53 of 3rd period - Ryan OReilly is hit by Alex Pietrangelo and loses puck.
11:44 of 3rd period - Shot by Adam Henrique.
11:44 of 3rd period - Stopped by Jeremy Smith without a rebound.
11:45 of 3rd period - Evgeny Kuznetsov wins face-off versus Boone Jenner in BlackHawks zone.
11:50 of 3rd period - Shot by Patrick Marleau.
11:50 of 3rd period - Stopped by Jeremy Smith without a rebound.
11:51 of 3rd period - Evgeny Kuznetsov wins face-off versus Boone Jenner in BlackHawks zone.
12:05 of 3rd period - Radim Vrbata is hit by Mattias Ekholm and loses puck.
12:11 of 3rd period - Off-side.
12:12 of 3rd period - Chris Tierney wins face-off versus Adam Henrique in neutral zone.
13:07 of 3rd period - Shot by Evgeny Kuznetsov.
13:07 of 3rd period - Stopped by Jeremy Smith without a rebound.
13:08 of 3rd period - Marcus Kruger wins face-off versus Sidney Crosby in BlackHawks zone.
13:13 of 3rd period - Shot by Robby Fabbri.
13:13 of 3rd period - Shot Misses the Net.
13:15 of 3rd period - Shot by Nathan Beaulieu.
13:15 of 3rd period - Shot Misses the Net.
13:17 of 3rd period - Shot by Alex Petrovic.
13:17 of 3rd period - Stopped by Jeremy Smith without a rebound.
13:18 of 3rd period - Boone Jenner wins face-off versus Evgeny Kuznetsov in BlackHawks zone.
13:48 of 3rd period - Artemi Panarin is hit by Mattias Ekholm and loses puck.
14:10 of 3rd period - Icing by Brady Austin.
14:11 of 3rd period - Sidney Crosby wins face-off versus Adam Henrique in BlackHawks zone.
14:18 of 3rd period - Shot by Sidney Crosby.
14:18 of 3rd period - Shot Misses the Net.
14:20 of 3rd period - Shot by Brady Austin.
14:20 of 3rd period - Stopped by Petr Mrazek without a rebound.
14:21 of 3rd period - Evander Kane wins face-off versus Jay Beagle in Canucks zone.
15:24 of 3rd period - Shot by Jonathan Marchessault.
15:24 of 3rd period - Shot Misses the Net.
15:43 of 3rd period - Minor Penalty to Boone Jenner for Hooking.
15:44 of 3rd period - Evgeny Kuznetsov wins face-off versus Andrew Copp in BlackHawks zone.
16:08 of 3rd period - Minor Penalty to Shea Weber for Roughing.
16:09 of 3rd period - Adam Henrique wins face-off versus Ryan OReilly in BlackHawks zone.
16:16 of 3rd period - Shot by Jonathan Marchessault.
16:16 of 3rd period - Goal by Jonathan Marchessault - Canucks : 5 - BlackHawks : 3.
16:17 of 3rd period - Alex Galchenyuk wins face-off versus Evgeny Kuznetsov in neutral zone.
16:30 of 3rd period - Shot by Alex Pietrangelo.
16:30 of 3rd period - Stopped by Jeremy Smith with a rebound.
16:32 of 3rd period - Shot by Patrick Marleau.
16:32 of 3rd period - Stopped by Jeremy Smith without a rebound.
16:33 of 3rd period - Adam Henrique wins face-off versus Alex Galchenyuk in BlackHawks zone.
16:56 of 3rd period - Alex Galchenyuk is hit by Adam Henrique and loses puck.
17:01 of 3rd period - Shot by Chris Kreider.
17:01 of 3rd period - Shot Misses the Net.
17:09 of 3rd period - Shot by Adam Henrique.
17:09 of 3rd period - Goal by Adam Henrique - Canucks : 6 - BlackHawks : 3.
17:10 of 3rd period - Matt Duchene wins face-off versus Boone Jenner in neutral zone.
17:33 of 3rd period - Shot by Boone Jenner.
17:33 of 3rd period - Stopped by Petr Mrazek without a rebound.
17:34 of 3rd period - Jay Beagle wins face-off versus Marcus Kruger in Canucks zone.
17:35 of 3rd period - Shot by Blake Comeau.
17:35 of 3rd period - Stopped by Petr Mrazek with a rebound.
17:50 of 3rd period - Brent Seabrook is hit by Alex Petrovic and loses puck.
18:30 of 3rd period - Shot by Jonathan Marchessault.
18:30 of 3rd period - Shot Blocked by Brent Seabrook.
18:32 of 3rd period - Shot by Mattias Ekholm.
18:32 of 3rd period - Shot Blocked by Brent Seabrook.
18:34 of 3rd period - Shot by Mattias Ekholm.
18:34 of 3rd period - Stopped by Jeremy Smith without a rebound.
18:35 of 3rd period - Evgeny Kuznetsov wins face-off versus Sidney Crosby in BlackHawks zone.
18:47 of 3rd period - Matt Duchene is hit by Alex Biega and loses puck.
18:55 of 3rd period - Off-side.
18:56 of 3rd period - Adam Henrique wins face-off versus Boone Jenner in neutral zone.
19:13 of 3rd period - Shot by Boone Jenner.
19:13 of 3rd period - Shot Blocked by Cody Ceci.
19:18 of 3rd period - Artemi Panarin is hit by Cody Ceci and loses puck.
19:32 of 3rd period - Adam Henrique is hit by Boone Jenner and loses puck.
Goals for this period are 3 for Canucks vs 1 for BlackHawks.
Shots for this period are 10 for Canucks vs 12 for BlackHawks.